[Event "FIDE Women World Blitz 2021"]
[Site "Warsaw"]
[Date "2021.12.30"]
[Round "15.33"]
[White "Badelka, Olga"]
[Black "Antolak, Julia"]
[Result "1-0"]
[ECO "A31"]
[WhiteElo "2188"]
[BlackElo "2334"]
[Annotator "NA"]
[PlyCount "123"]
[EventDate "2021.12.29"]
[EventType "swiss"]
[EventCountry "POL"]
[Tiebreak "Cut1 Buchholz"]
[SourceTitle "playchess.com"]
[Source "ChessBase"]
[SourceQuality "1"]
[TimeControl "180+2"]

1. d4 Nf6 2. c4 c5 3. Nf3 cxd4 4. Nxd4 e5 5. Nb5 d5 6. cxd5 Bc5 7. e3 O-O 8. N5c3 e4 9. Be2 Bf5 10.
O-O Nbd7 11. Nd2 Re8 12. Nb3 Bd6 13. Nd4 Bg6 14. b3 a6 15.
Bb2 Qe7 16. g3 Ne5 17. Qd2 Rad8 18. Rfd1 Bb4 19. a3 Bxc3 20. Qxc3 Nxd5 21. Qa5 Nf6 22. a4 Rd5 23. Qe1 Red8 24. Rdc1 Bh5 25. Bxh5 Nxh5 26. Qe2 Nf6 27. Rc2 Nd3 28. Ba3 Qe8 29. Rd1 h6 30. f3 Ne5 31. fxe4 Nxe4 32. Qg2 Nf6 33. Bb2 Neg4 34. Re1 Re5 35. Rce2 Nxe3 36. Qxb7 Rdd5 37. Nf3 Re6 38. Bxf6 gxf6 39. Qa7 Rd3 40. Nh4 Rxb3 41. Qd4 Ra3 42. Qf4 Nd5 43. Rxe6 fxe6 44. Qxh6 Qf7 45. Qc1 Rxa4 46. Qc8+ Kh7 47. Rxe6 Qa7+ 48. Kg2 Ra2+ 49. Kh3 Qg7 50. Nf5 Nf4+ 51. gxf4 Ra3+ 52. Ng3 Qh6+ 53. Kg2 Ra2+ 54. Re2 Rxe2+ 55. Nxe2 Qg6+ 56. Kf2 a5 57. Qc7+ Kh6 58. Qxa5 Qe4 59. Qc3 f5 60. Qh3+ Kg7 61. Qg2+ Qxg2+ 62. Kxg2 1-0

[Event "FIDE Women World Blitz 2021"]
[Site "Warsaw"]
[Date "2021.12.30"]
[Round "15.34"]
[White "Efroimski, Marsel"]
[Black "Beydullayeva, Govhar"]
[Result "0-1"]
[ECO "B50"]
[WhiteElo "2419"]
[BlackElo "2278"]
[Annotator "NA"]
[PlyCount "116"]
[EventDate "2021.12.29"]
[EventType "swiss"]
[EventCountry "POL"]
[Tiebreak "Cut1 Buchholz"]
[SourceTitle "playchess.com"]
[Source "ChessBase"]
[SourceQuality "1"]
[TimeControl "180+2"]

1. e4 c5 2. Nf3 d6 3. Nc3 a6 4. e5 Nc6 5. exd6 e6 6. d4 Bxd6 7. dxc5 Bxc5 8.
Qxd8+ Nxd8 9. Ne4 Be7 10. Bf4 Nf6 11. Nd6+ Kf8 12. Nxc8 Rxc8 13. O-O-O Nd5 14. Bg3 f6 15. Kb1 Kf7 16. c4 Nb6 17. b3 Nc6 18. Be2 Rhd8 19. Bf4 Nd7 20. Be3 Nc5 21. Rxd8 Rxd8 22. Rd1 Rxd1+ 23. Bxd1 e5 24. Bc2 g6 25. a3 a5 26. Kb2 Ke6 27. Nd2 f5 28. f3 Nd4 29. Bxd4 exd4 30. b4 axb4 31. axb4 Na6 32. b5 Nc5 33. Nb3 Nxb3 34. Kxb3 Bc5 35. f4 b6 36. Bd3 h6 37. Kc2 Bb4 38. Kd1 Bd6 39. g3 g5 40. fxg5 hxg5 41. Ke2 Kf6 42. Bc2 g4 43. Kd3 Bc5 44. Bd1 Kg5 45. Be2 f4 46. Ke4 f3 47. Bd3 Bd6 48.
Kxd4 Bc5+ 49. Ke5 Bg1 50. Ke4 Bxh2 51. c5 bxc5 52. b6 Bxg3 53.
b7 Bb8 54. Bf1 Kh4 55. Kf5 Kg3 56. Kg5 Kf2 57. Bc4 g3 58. Kf5 g2 0-1

[Event "FIDE Women World Blitz 2021"]
[Site "Warsaw"]
[Date "2021.12.30"]
[Round "15.35"]
[White "Kurmangaliyeva, Liya"]
[Black "Doluhanova, Evgeniya"]
[Result "1/2-1/2"]
[ECO "C67"]
[WhiteElo "2222"]
[BlackElo "2237"]
[Annotator "NA"]
[PlyCount "154"]
[EventDate "2021.12.29"]
[EventType "swiss"]
[EventCountry "POL"]
[Tiebreak "Cut1 Buchholz"]
[SourceTitle "playchess.com"]
[Source "ChessBase"]
[SourceQuality "1"]
[TimeControl "180+2"]

1. e4 e5 2. Nf3 Nc6 3. Bb5 Nf6 4. O-O Nxe4 5. Re1 Nd6 6.
Nxe5 Be7 7. Bf1 Nf5 8. d4 Nfxd4 9. c3 Ne6 10. Bd3 Nxe5 11.
Rxe5 Bf6 12. Rh5 g6 13. Rh3 d6 14. Bh6 Bg5 15. Bxg5 Qxg5 16. Rg3 Qf6 17. Nd2 Bd7 18. Ne4 Qe7 19. Qf3 f5 20. Nd2 Bc6 21.
Qd1 O-O-O 22. Re3 Qf6 23. Nc4 Nc5 24. Na5 Nxd3 25. Qxd3 Be4 26. Qb5 a6 27. Qb4 b6 28. Nc4 a5 29. Qb5 Rhe8 30. b4 axb4 31.
Qxb4 f4 32. Rxe4 Rxe4 33. Nxb6+ Kb8 34. Qxe4 cxb6 35. Rb1 d5 36. Qb4 Rd6 37. a4 Kc7 38. a5 Rc6 39. axb6+ Rxb6 40. Qc5+ Rc6 41. Qa7+ Kd6 42. Qb8+ Ke6 43. Re1+ Kf5 44. Qb1+ Kg5 45. Qd3 Rxc3 46. Qxd5+ Kh6 47. Qe4 Rc5 48. h3 Rf5 49. Qf3 Qg5 50. Re4 Rf6 51. Kh2 Rf5 52. Re6 Rf6 53. Re8 Rf7 54. Qb3 Qf6 55. Re6 Qf5 56. f3 Qg5 57. Re2 Qg3+ 58. Kh1 Ra7 59. Qd1 Rb7 60. Qe1 Qxe1+ 61. Rxe1 Kg5 62. Kh2 Rb5 63. Re4 h6 64. Rd4 Kf5 65. Re4 g5 66. Re2 h5 67. Ra2 g4 68. hxg4+ hxg4 69. fxg4+ Kxg4 70. Ra8 Rh5+ 71. Kg1 Rg5 72. Ra4 Rd5 73. Ra8 Re5 74. Rg8+ Kf5 75. Rf8+ Ke4 76. Kf2 Re6 77. Rf7 Re5 1/2-1/2

[Event "FIDE Women World Blitz 2021"]
[Site "Warsaw"]
[Date "2021.12.30"]
[Round "15.36"]
[White "Mammadova, Gulnar"]
[Black "Malicka, Maria"]
[Result "1-0"]
[ECO "B51"]
[WhiteElo "2395"]
[BlackElo "2307"]
[Annotator "NA"]
[PlyCount "63"]
[EventDate "2021.12.29"]
[EventType "swiss"]
[EventCountry "POL"]
[Tiebreak "Cut1 Buchholz"]
[SourceTitle "playchess.com"]
[Source "ChessBase"]
[SourceQuality "1"]
[TimeControl "180+2"]

1. e4 c5 2. Nf3 d6 3. Bb5+ Nd7 4. a4 a6 5. Bc4 Ngf6 6. Nc3 e6 7. d4 Be7 8. e5 dxe5 9. dxe5 Ng4 10. Qe2 Qc7 11. Bf4 h5 12. h3 Nh6 13. Ne4 Nf5 14. c3 b6 15.
Rd1 Bb7 16. Nd6+ Bxd6 17. exd6 Bxf3 18. gxf3 Qc6 19. Bd5 Qc8 20. Bxe6 fxe6 21. Qxe6+ Kf8 22. Qxf5+ Kg8 23. Qe6+ Kh7 24. Qf5+ Kg8 25. Qd5+ Kh7 26. Qxh5+ Kg8 27. Qd5+ Kf8 28. Bg5 Nf6 29. Bxf6 gxf6 30. d7 Qd8 31. Qxa8 Qxa8 32. d8=Q+ 1-0

[Event "FIDE Women World Blitz 2021"]
[Site "Warsaw"]
[Date "2021.12.30"]
[Round "15.37"]
[White "Goraj, Barbara"]
[Black "Yakimova, Mariya"]
[Result "0-1"]
[ECO "E90"]
[WhiteElo "1902"]
[BlackElo "2219"]
[Annotator "NA"]
[PlyCount "158"]
[EventDate "2021.12.29"]
[EventType "swiss"]
[EventCountry "POL"]
[Tiebreak "Cut1 Buchholz"]
[SourceTitle "playchess.com"]
[Source "ChessBase"]
[SourceQuality "1"]
[TimeControl "180+2"]

1. Nf3 Nf6 2. c4 g6 3. Nc3 Bg7 4. e4 d6 5. d4 O-O 6. h3 e5 7. d5 Nh5 8. Be3 Na6 9. Qc2 f5 10. O-O-O Nc5 11. Bxc5 dxc5 12. Kb1 Qe7 13. Ne1 Bd7 14. Be2 Nf6 15. Bd3 f4 16. Nf3 a6 17. Ka1 Rab8 18.
Nd2 b5 19. Nb3 Kh8 20. f3 Rfd8 21. Qf2 Bf8 22. Qe2 Nh5 23. Rhe1 Ng3 24. Qf2 Qd6 25. Rc1 Rb6 26. Nb1 b4 27. Na5 Ra8 28. Nd2 Rbb8 29. Ndb3 Ba4 30. Kb1 Bxb3 31. axb3 Re8 32. Kc2 Qb6 33. Ra1 Bd6 34. Ra2 Kg7 35. Rea1 g5 36. Qe1 h5 37. Nc6 Kf6 38. Ra5 Rg8 39. Qb1 g4 40. Qa2 gxf3 41. gxf3 h4 42. Rxa6 Rxa6 43. Qxa6 Nh5 44. Qxb6 cxb6 45. Ra6 Rg2+ 46. Kb1 Rg1+ 47. Kc2 Rg2+ 48. Kc1 Rh2 49. Rxb6 Rxh3 50. Nd8 Ke7 51. Ne6 Ng3 52. Rb7+ Kf6 53. Nd8 Rh1+ 54. Kd2 h3 55. Rh7 h2 56. Ne6 Kg6 57. Rg7+ Kh6 58. Rg8 Rd1+ 59. Kxd1 h1=Q+ 60. Kc2 Qxf3 61. Rh8+ Kg6 62. Rg8+ Kf6 63. Rh8 Nxe4 64. Rh6+ Ke7 65. Rh7+ Ke8 66. Rh8+ Kf7 67. Rh7+ Kg6 68. Rg7+ Kh5 69. Bxe4 Qxe4+ 70. Kc1 Qe3+ 71. Kc2 f3 72. Rh7+ Kg4 73. Rg7+ Kh3 74. Rh7+ Kg2 75. Rg7+ Kf1 76. Ng5 e4 77. Nh3 Bf4 78. Rg1+ Qxg1 79. Nxg1 Kxg1 0-1

[Event "FIDE Women World Blitz 2021"]
[Site "Warsaw"]
[Date "2021.12.30"]
[Round "15.38"]
[White "Dylag, Emilia"]
[Black "Nur-Mukhametova, Alisa"]
[Result "1-0"]
[ECO "A62"]
[WhiteElo "1863"]
[BlackElo "2225"]
[Annotator "NA"]
[PlyCount "67"]
[EventDate "2021.12.29"]
[EventType "swiss"]
[EventCountry "POL"]
[Tiebreak "Cut1 Buchholz"]
[SourceTitle "playchess.com"]
[Source "ChessBase"]
[SourceQuality "1"]
[TimeControl "180+2"]

1. d4 Nf6 2. c4 e6 3. Nc3 c5 4. d5 exd5 5. cxd5 d6 6. Nf3 g6 7. g3 Bg7 8. Bg2 O-O 9. O-O Re8 10. Bf4 a6 11. a4 Ne4 12. Nxe4 Rxe4 13. Nd2 Rb4 14. Rb1 Bf5 15. e4 Bc8 16. Re1 g5 17. Be3 Nd7 18. f4 gxf4 19. gxf4 Nf6 20. h3 Bd7 21. e5 Ne8 22. Qh5 dxe5 23. fxe5 Qe7 24. Bg5 f6 25. exf6 Nxf6 26. Rxe7 Nxh5 27. Rxd7 Ng3 28. d6 Ne2+ 29. Kf2 Nd4 30. Bd5+ Kh8 31. Rxb7 Rf8+ 32. Kg2 h6 33. Rxb4 cxb4 34. Be7 1-0

[Event "FIDE Women World Blitz 2021"]
[Site "Warsaw"]
[Date "2021.12.30"]
[Round "15.39"]
[White "Szczotka, Klara"]
[Black "Smirnova, Ekaterina"]
[Result "1/2-1/2"]
[ECO "D10"]
[WhiteElo "1584"]
[BlackElo "2196"]
[Annotator "NA"]
[PlyCount "134"]
[EventDate "2021.12.29"]
[EventType "swiss"]
[EventCountry "POL"]
[Tiebreak "Cut1 Buchholz"]
[SourceTitle "playchess.com"]
[Source "ChessBase"]
[SourceQuality "1"]
[TimeControl "180+2"]

1. d4 d5 2. c4 c6 3. cxd5 cxd5 4. Nc3 Nf6 5. Bg5 e6 6. e3 Nc6 7. Bd3 Be7 8. Nge2 h6 9. Bh4 O-O 10.
O-O Bd7 11. a3 Rc8 12. Rc1 Na5 13. Bg3 Nc4 14. Qc2 a6 15. a4 Qb6 16. b3 Na5 17. Rb1 Nc6 18. Qd2 Nb4 19. Rfc1 Rc6 20. Na2 Nxd3 21. Qxd3 Rfc8 22. Rxc6 Rxc6 23. Rc1 Rxc1+ 24. Naxc1 Qc6 25.
Qc3 Ne4 26. Qxc6 Bxc6 27. Bc7 Kf8 28. f3 Nf6 29. Kf2 Ke8 30.
Ba5 Nd7 31. Nd3 f6 32. Nef4 Kf7 33. Bb4 Bd8 34. Nc5 Nxc5 35. Bxc5 e5 36. Nd3 Ke6 37. Bf8 Kf7 38. Bd6 exd4 39. exd4 g6 40. Ke3 Ke6 41. Bf8 h5 42. g4 hxg4 43. fxg4 Bc7 44. h4 Kf7 45. Bb4 Bd7 46. Kf3 Kg7 47. Nc5 Bc8 48. Bd2 Bb6 49. b4 Bxc5 50. dxc5 Bd7 51. a5 Bc6 52. Ke3 f5 53. gxf5 gxf5 54. Kf4 Kg6 55. Bc3 Bd7 56. Ke5 Bc6 57. Bd2 d4 58. Kxd4 Bg2 59.
Ke5 Bf3 60. Bg5 Bg2 61. Kd6 Kh5 62. Ke6 f4 63. Bxf4 Kxh4 64.
Bc7 Kg5 65. Ke5 Kg6 66. Kd4 Kf7 67. Kc4 Ke6 1/2-1/2

[Event "FIDE Women World Blitz 2021"]
[Site "Warsaw"]
[Date "2021.12.30"]
[Round "16.1"]
[White "Goryachkina, Aleksandra"]
[Black "Assaubayeva, Bibisara"]
[Result "0-1"]
[ECO "A65"]
[WhiteElo "2604"]
[BlackElo "2400"]
[Annotator "ChessBase"]
[PlyCount "80"]
[EventDate "2021.12.29"]
[EventType "swiss"]
[EventCountry "POL"]
[Tiebreak "Cut1 Buchholz"]
[SourceTitle "playchess.com"]
[Source "ChessBase"]
[SourceQuality "1"]
[TimeControl "180+2"]

1. d4 Nf6 2. c4 g6 3. Nc3 Bg7 4. e4 d6 5. f3 O-O 6. Be3 c5 7. Nge2 Nc6 8. d5 Ne5 9. Ng3 e6 10. Be2 exd5 11. cxd5 a6 12. a4 h5 13. O-O h4 14. Nh1 h3 15. g3 Rb8 16. Nf2 b5 17. axb5 axb5 18. Bxb5 Bd7 19. Bxd7 Qxd7 20. Qe2 Rb3 21. Ra2 Rfb8 22. Rfa1 R3b4 23. Ncd1 Ne8 24. Ra8 f5 25. Rxb8 Rxb8 26. f4 Ng4 27. Nxg4 fxg4 28. Nc3 Nf6 29. Qc2 Qe7 30. Ra4 Kh7 31. Kf2 Rb4 32. Kg1 Rxa4 33. Qxa4 Qb7 34. Qc2 Qb4 35. b3 Nxe4 36. Qxe4 Qxc3 37. Bf2 Qxb3 38. f5 Qd1+ 39. Be1 Qd4+ 40. Qxd4 Bxd4+ 0-1

[Event "FIDE Women World Blitz 2021"]
[Site "Warsaw"]
[Date "2021.12.30"]
[Round "16.1"]
[White "Movsesian, Julia"]
[Black "Szczotka, Klara"]
[Result "0-1"]
[ECO "B11"]
[WhiteElo "2322"]
[BlackElo "1584"]
[Annotator "NA"]
[PlyCount "56"]
[EventDate "2021.12.29"]
[EventType "swiss"]
[EventCountry "POL"]
[Tiebreak "Cut1 Buchholz"]
[SourceTitle "playchess.com"]
[Source "ChessBase"]
[SourceQuality "1"]
[TimeControl "180+2"]

1. e4 c6 2. Nc3 d5 3. Nf3 Nf6 4. e5 Nfd7 5. d4 e6 6. Bd3 c5 7. Nb5 cxd4 8. Nbxd4 Bc5 9. O-O Qc7 10. Nb5 Qb6 11. b4 Be7 12. Be3 Qd8 13.
c4 a6 14. Nd6+ Bxd6 15. exd6 dxc4 16. Bxc4 Nc6 17. Rb1 O-O 18. Qc2 Nde5 19. Nxe5 Nxe5 20. Rfd1 Nxc4 21. Qxc4 Bd7 22. Bb6 Qxb6 23. a4 Rac8 24. Qh4 Bxa4 25. Rd2 Rcd8 26. Qf4 Bc6 27. h4 Bd5 28. h5 Qxd6 0-1

[Event "FIDE Women World Blitz 2021"]
[Site "Warsaw"]
[Date "2021.12.30"]
[Round "16.2"]
[White "Koneru, Humpy"]
[Black "Lagno, Kateryna"]
[Result "1-0"]
[ECO "D85"]
[WhiteElo "2586"]
[BlackElo "2550"]
[Annotator "ChessBase"]
[PlyCount "141"]
[EventDate "2021.12.29"]
[EventType "swiss"]
[EventCountry "POL"]
[Tiebreak "Cut1 Buchholz"]
[SourceTitle "playchess.com"]
[Source "ChessBase"]
[SourceQuality "1"]
[TimeControl "180+2"]

1. d4 Nf6 2. c4 g6 3. Nc3 d5 4. cxd5 Nxd5 5. e4 Nxc3 6. bxc3 Bg7 7. Nf3 c5 8. Bb5+ Nc6 9. O-O O-O 10. Bxc6 bxc6 11. Qc2 cxd4 12. cxd4 Bg4 13. Ne5 Qxd4 14. Bb2 Qb6 15. Rab1 Bxe5 16. Bxe5 Qa6 17. Qc5 Qxa2 18. Rb2 Qa4 19. Qxe7 Rfe8 20. Qf6 Rxe5 21. Qxe5 Rd8 22. Rb8 Rxb8 23. Qxb8+ Kg7 24. Qe5+ Kf8 25. Rb1 Be6 26. Qh8+ Ke7 27. Rb7+ Kd6 28. Qb8+ Kc5 29. Qe5+ Kc4 30. h3 c5 31. Rc7 Qd1+ 32. Kh2 Qd4 33. Qg3 a5 34. Rb7 a4 35. Qa3 Qxe4 36. Qxa4+ Kd5 37. Qa2+ Ke5 38. Qb2+ Qd4 39. Qe2+ Kf6 40. Rb1 c4 41. Rd1 Qf4+ 42. Kg1 h5 43. Qb2+ Qe5 44. Qxe5+ Kxe5 45. Kf1 Bd5 46. g3 Be6 47. h4 Bg4 48. Rd8 c3 49. Ke1 c2 50. Kd2 Bf5 51. f3 Kf6 52. Rd5 Ke6 53.
Ra5 Kf6 54. Ra6+ Ke5 55. Ra4 Kd5 56. g4 hxg4 57. fxg4 Be4 58. h5 gxh5 59. gxh5 Bh7 60. Rg4 Ke6 61. Rg7 Bf5 62. h6 Kf6 63.
Rg8 Bh7 64. Rg7 Bg6 65. Rg8 Bh7 66. Rg1 Bg6 67. Rh1 Bh7 68.
Rg1 Bg6 69. Kc1 Ke7 70. Rxg6 fxg6 71. h7 1-0

[Event "FIDE Women World Blitz 2021"]
[Site "Warsaw"]
[Date "2021.12.30"]
[Round "16.2"]
[White "Sliwicka, Alicja"]
[Black "Jakubowska, Anna"]
[Result "1-0"]
[ECO "B12"]
[WhiteElo "2303"]
[BlackElo "2106"]
[Annotator "NA"]
[PlyCount "77"]
[EventDate "2021.12.29"]
[EventType "swiss"]
[EventCountry "POL"]
[Tiebreak "Cut1 Buchholz"]
[SourceTitle "playchess.com"]
[Source "ChessBase"]
[SourceQuality "1"]
[TimeControl "180+2"]

1. e4 c6 2. d4 d5 3. e5 Bf5 4. c4 e6 5. Nc3 Nd7 6. a3 h6 7. c5 g5 8. Be3 Bg7 9. Nge2 Ne7 10. Ng3 Bg6 11. Nh5 Bxh5 12. Qxh5 Nf5 13. Bd3 Ne7 14. h4 gxh4 15. Rxh4 b6 16. b4 bxc5 17. bxc5 Qa5 18. Bd2 Qc7 19. Rg4 Bf8 20. Rf4 O-O-O 21. Ba6+ Kb8 22. Rb1+ Ka8 23. Bb7+ Kb8 24. Bxc6+ Kc8 25. Bb7+ Kb8 26. Qxf7 Nxc5 27. dxc5 Qxe5+ 28.
Kf1 Kc7 29. Ra4 Qf5 30. Nb5+ Kb8 31. Bf4+ e5 32. Qxf5 Nxf5 33. Bxe5+ Kxb7 34. Bxh8 Kc6 35. Nd4+ Nxd4 36. Bxd4 Be7 37. Ra6+ Kd7 38. Rb7+ Kc8 39. Rxe7 1-0

[Event "FIDE Women World Blitz 2021"]
[Site "Warsaw"]
[Date "2021.12.30"]
[Round "16.3"]
[White "Dzagnidze, Nana"]
[Black "Gunina, Valentina"]
[Result "1-0"]
[ECO "D10"]
[WhiteElo "2524"]
[BlackElo "2480"]
[Annotator "ChessBase"]
[PlyCount "94"]
[EventDate "2021.12.29"]
[EventType "swiss"]
[EventCountry "POL"]
[Tiebreak "Cut1 Buchholz"]
[SourceTitle "playchess.com"]
[Source "ChessBase"]
[SourceQuality "1"]
[TimeControl "180+2"]

1. d4 d5 2. c4 c6 3. cxd5 cxd5 4. Bf4 Nc6 5. e3 Nf6 6. Nc3 a6 7. Be2 Bf5 8. g4 Bd7 9. f3 e6 10. Rc1 Be7 11. Bd3 O-O 12. Nge2 Ne8 13.
O-O Rc8 14. Bb1 b5 15. Qd3 g6 16. Bg3 Nd6 17. b3 f5 18. Nf4 b4 19. Na4 fxg4 20. Nc5 Qe8 21. Ncxe6 Bxe6 22. Nxe6 Rxf3 23. Rxf3 gxf3 24. Qxa6 Qd7 25. Nf4 Ne4 26. Bxe4 dxe4 27. Qc4+ Kh8 28. d5 Na7 29. Qd4+ Kg8 30. Rc4 Nb5 31. Qxe4 Nc3 32. Qe6+ Qxe6 33. Nxe6 Ra8 34. d6 Bxd6 35. Bxd6 Rxa2 36. Ng5 f2+ 37. Kg2 Nd5 38. Re4 h6 39. Nf3 Kf7 40. Bc5 Rc2 41. Bd4 g5 42. Ne5+ Ke6 43. Nd3+ Kd7 44. Nxf2 Ra2 45. Kg3 h5 46. Re5 h4+ 47. Kf3 Nc3 1-0

[Event "FIDE Women World Blitz 2021"]
[Site "Warsaw"]
[Date "2021.12.30"]
[Round "16.3"]
[White "Nur-Mukhametova, Alisa"]
[Black "Malicka, Maria"]
[Result "0-1"]
[ECO "A05"]
[WhiteElo "2225"]
[BlackElo "2307"]
[Annotator "NA"]
[PlyCount "120"]
[EventDate "2021.12.29"]
[EventType "swiss"]
[EventCountry "POL"]
[Tiebreak "Cut1 Buchholz"]
[SourceTitle "playchess.com"]
[Source "ChessBase"]
[SourceQuality "1"]
[TimeControl "180+2"]

1. Nf3 Nf6 2. g3 b5 3. Bg2 Bb7 4. O-O e6 5. d3 Be7 6. e4 c5 7. a4 b4 8. Nbd2 Nc6 9. b3 O-O 10. Bb2 d6 11. e5 Nxe5 12. Nxe5 Bxg2 13. Kxg2 dxe5 14. Qe2 Qd5+ 15. Kg1 Nd7 16. Nc4 f6 17. Rae1 Nb6 18.
Ne3 Qc6 19. a5 Nd5 20. Nc4 Rae8 21. h4 Bd8 22. Ra1 Bc7 23. Rfe1 Ne7 24. Nd2 Nf5 25. Ne4 Nd4 26. Bxd4 exd4 27. Nd2 f5 28. Qf3 Qxf3 29. Nxf3 e5 30. Nd2 Re6 31. Kg2 Rfe8 32. f3 h6 33. Re2 Kf7 34. Rae1 Bxa5 35. Ra1 Bb6 36. Nc4 Kf6 37. Rae1 Bc7 38. Ra1 a6 39. Rae1 g5 40. hxg5+ hxg5 41. Rh1 Kg6 42. g4 fxg4 43. fxg4 Rf6 44. Nd2 Rf4 45. Re4 Ref8 46. Rxf4 Rxf4 47. Kg3 e4 48. Nxe4 Rxe4+ 49. Kf3 Rf4+ 50. Ke2 Rxg4 51. Ra1 a5 52. Kf3 Rf4+ 53. Kg2 g4 54. Re1 Kf5 55. Re7 Be5 56. Ra7 g3 57. Rxa5 Rf2+ 58. Kg1 Rxc2 59. Ra8 Bf4 60. Rf8+ Kg4 0-1

[Event "FIDE Women World Blitz 2021"]
[Site "Warsaw"]
[Date "2021.12.30"]
[Round "16.4"]
[White "Socko, Monika"]
[Black "Kosteniuk, Alexandra"]
[Result "0-1"]
[ECO "D38"]
[WhiteElo "2393"]
[BlackElo "2518"]
[Annotator "ChessBase"]
[PlyCount "70"]
[EventDate "2021.12.29"]
[EventType "swiss"]
[EventCountry "POL"]
[Tiebreak "Cut1 Buchholz"]
[SourceTitle "playchess.com"]
[Source "ChessBase"]
[SourceQuality "1"]
[TimeControl "180+2"]

1. d4 Nf6 2. c4 e6 3. Nf3 d5 4. Nc3 Bb4 5. Qb3 c5 6. dxc5 Nc6 7. a3 Bxc5 8.
Bg5 d4 9. Na4 Be7 10. Rd1 O-O 11. e3 Qa5+ 12. Ke2 e5 13. Bxf6 Bxf6 14. e4 Be6 15. Rd3 Rac8 16. Nd2 b6 17. Qd1 Ne7 18. b4 Qa6 19. Nb2 Ng6 20.
g3 Bg5 21. Kf3 f5 22. Kg2 Bxd2 23. Rxd2 fxe4 24. c5 Qb7 25. Rc2 d3 26. c6 Rxc6 27. Rxc6 Qxc6 28. Kg1 Qc2 29. f3 Qxb2 30. h4 Rxf3 31. Rh2 Rxg3+ 32. Kh1 Qd4 33. Bg2 d2 34. h5 Nf4 35. Bf1 Qg1# 0-1

[Event "FIDE Women World Blitz 2021"]
[Site "Warsaw"]
[Date "2021.12.30"]
[Round "16.4"]
[White "Kucharska, Honorata"]
[Black "Goraj, Barbara"]
[Result "1/2-1/2"]
[ECO "E62"]
[WhiteElo "2168"]
[BlackElo "1902"]
[Annotator "NA"]
[PlyCount "179"]
[EventDate "2021.12.29"]
[EventType "swiss"]
[EventCountry "POL"]
[Tiebreak "Cut1 Buchholz"]
[SourceTitle "playchess.com"]
[Source "ChessBase"]
[SourceQuality "1"]
[TimeControl "180+2"]

1. c4 Nf6 2. Nc3 g6 3. Nf3 Bg7 4. d4 d6 5. g3 O-O 6. Bg2 Nc6 7. O-O Bg4 8. d5 Na5 9. Nd2 c5 10. Qc2 a6 11. b3 Rb8 12. Bb2 b5 13.
h3 Bd7 14. Rab1 Re8 15. e4 e5 16. dxe6 Bxe6 17. cxb5 axb5 18. Rbd1 Nc6 19. Nf3 Nb4 20. Qd2 Qc7 21. Ng5 Red8 22. a3 Nc6 23.
Nd5 Bxd5 24. exd5 Na5 25. Qc2 h6 26. Ne4 Nxe4 27. Bxe4 Bxb2 28. Qxb2 c4 29. b4 Nb7 30. Qf6 Re8 31. Bc2 Qe7 32. Qf4 Qg5 33.
Qf3 Kg7 34. h4 Qf6 35. Qg4 Ra8 36. Qd7 Re7 37. Qxb5 Rxa3 38. Qxc4 Rc3 39. Qa2 Rec7 40. Be4 Qe5 41. Bg2 Rc2 42. Qa6 Rb2 43. Qb6 Qc3 44. Qd4+ Qxd4 45. Rxd4 Rcc2 46. Rf4 Nd8 47. Re1 Kf8 48. Ra1 Ra2 49. Rxa2 Rxa2 50. Rc4 Rb2 51. Be4 f5 52. Bf3 Nf7 53. Kg2 Ne5 54. Rc8+ Ke7 55. Rc7+ Kf6 56. Rb7 Nd3 57. Kg1 Nxf2 58. b5 Nh3+ 59. Kh1 Nf2+ 60. Kg1 Nh3+ 61. Kh1 Nf2+ 62. Kg1 Nd3 63. Rb8 Ne5 64. Bg2 Nc4 65. Rc8 Rb4 66. Rc6 Ke5 67. Rc8 Nb6 68. Re8+ Kd4 69. Re6 Rxb5 70. Rxd6 Nxd5 71. Bxd5 Rxd5 72. Rxg6 Ke3 73. Kg2 h5 74. Re6+ Kd4 75. Rh6 Ke5 76. Rxh5 Rd2+ 77. Kh3 Kf6 78. Rh6+ Ke5 79. Ra6 Rd3 80. Ra4 Kf6 81. h5 Kg5 82. Rf4 Kxh5 83. Rxf5+ Kg6 84. Ra5 Rd6 85. Kh4 Rc6 86. g4 Rb6 87. Rc5 Ra6 88. Rd5 Rb6 89. Ra5 Rc6 90. Rb5 1/2-1/2

[Event "FIDE Women World Blitz 2021"]
[Site "Warsaw"]
[Date "2021.12.30"]
[Round "16.5"]
[White "Shuvalova, Polina"]
[Black "Abdumalik, Zhansaya"]
[Result "1-0"]
[ECO "C77"]
[WhiteElo "2515"]
[BlackElo "2507"]
[Annotator "ChessBase"]
[PlyCount "139"]
[EventDate "2021.12.29"]
[EventType "swiss"]
[EventCountry "POL"]
[Tiebreak "Cut1 Buchholz"]
[SourceTitle "playchess.com"]
[Source "ChessBase"]
[SourceQuality "1"]
[TimeControl "180+2"]

1. e4 e5 2. Nf3 Nc6 3. Bb5 a6 4. Ba4 Nf6 5. O-O Be7 6. d3 b5 7. Bb3 d6 8. a3 O-O 9. Nc3 Na5 10. Ba2 Be6 11. b4 Bxa2 12. Rxa2 Nc6 13. Bg5 Ng4 14. Bxe7 Qxe7 15. Nd5 Qd8 16. c4 Ne7 17. h3 Nh6 18.
Rc2 f5 19. Ng5 Qd7 20. cxb5 Nxd5 21. exd5 Qxb5 22. Ne6 Qxd5 23.
Nxf8 Rxf8 24. Rxc7 f4 25. Qc2 f3 26. Qc4 Qxc4 27. dxc4 fxg2 28. Kxg2 Nf5 29. Rd1 Nh4+ 30. Kf1 Nf5 31. Ke2 Nd4+ 32. Kf1 Rf3 33.
c5 dxc5 34. bxc5 Rxh3 35. Kg2 Rxa3 36. Rb1 h5 37. Rbb7 Ne6 38. Re7 Nf4+ 39. Kh2 Kh7 40. Rxg7+ Kh6 41. Rge7 Ng6 42. Re6 Ra4 43. f3 Rh4+ 44. Kg3 Rc4 45. Rbb6 h4+ 46. Kh3 Kh5 47. Rxg6 Rc3 48. Rgf6 Kg5 49. Rg6+ Kh5 50. Rh6+ Kg5 51. Rbg6+ Kf5 52. Rf6+ Kg5 53. Kg2 Rxc5 54. Rfg6+ Kf5 55. Rxa6 Rc2+ 56. Kh3 Rc3 57. Kg2 Rc2+ 58. Kg1 Rc1+ 59. Kf2 Rc2+ 60. Ke3 Rc3+ 61. Ke2 Rc2+ 62. Kd3 Rh2 63. Ra4 h3 64. Rah4 Ra2 65. Rxh3 Ra3+ 66. Ke2 Ra2+ 67. Ke3 Ra3+ 68. Kf2 Ra2+ 69. Kg3 e4 70. R3h5# 1-0

[Event "FIDE Women World Blitz 2021"]
[Site "Warsaw"]
[Date "2021.12.30"]
[Round "16.5"]
[White "Zairbek kyzy, Begimai"]
[Black "Strutinskaia, Galina"]
[Result "1-0"]
[ECO "B22"]
[WhiteElo "1701"]
[BlackElo "2188"]
[Annotator "NA"]
[PlyCount "97"]
[EventDate "2021.12.29"]
[EventType "swiss"]
[EventCountry "POL"]
[Tiebreak "Cut1 Buchholz"]
[SourceTitle "playchess.com"]
[Source "ChessBase"]
[SourceQuality "1"]
[TimeControl "180+2"]

1. e4 c5 2. d4 cxd4 3. c3 Nf6 4. e5 Nd5 5. Nf3
Nc6 6. cxd4 d6 7. Bc4 e6 8. O-O Be7 9. Qe2 O-O 10. Nc3 Nxc3 11. bxc3 dxe5 12. dxe5 Qa5 13. Bd2 Rd8 14. Rad1 Bd7 15. Bd3 Be8 16. Qe4 g6 17. Bb1 Qd5 18. Qf4 Rac8 19. h4 Na5 20. h5 Rc4 21. Qg3 Qc6 22. Nd4 Qc7 23. hxg6 hxg6 24. Bxg6 fxg6 25. Nxe6 Qc8 26. Nxd8 Bxd8 27. Bf4 Be7 28. Rd3 Qf5 29. Rd4 Bf7 30. Rfd1 Rxd4 31. Rxd4 Nc6 32. Rd3 Be6 33. Qe3 Kf7 34. a4 g5 35. Bg3 Kg6 36. Rd2 b6 37. Re2 Na5 38. Qc1 Nc4 39.
Qd1 Qd3 40. Qxd3+ Kf7 41. Qe4 Na5 42. f4 gxf4 43. Qxf4+ Ke8 44. Rd2 Nc4 45. Rd4 Na5 46. Kh2 Nc6 47. Rd1 a5 48. Bh4 Bc5 49.
Qf6 1-0

[Event "FIDE Women World Blitz 2021"]
[Site "Warsaw"]
[Date "2021.12.30"]
[Round "16.6"]
[White "Muzychuk, Anna"]
[Black "Stefanova, Antoaneta"]
[Result "1/2-1/2"]
[ECO "C28"]
[WhiteElo "2533"]
[BlackElo "2475"]
[Annotator "ChessBase"]
[PlyCount "83"]
[EventDate "2021.12.29"]
[EventType "swiss"]
[EventCountry "POL"]
[Tiebreak "Cut1 Buchholz"]
[SourceTitle "playchess.com"]
[Source "ChessBase"]
[SourceQuality "1"]
[TimeControl "180+2"]

1. e4 e5 2. Nc3 Nc6 3. Bc4 Nf6 4. d3 Na5 5. Nge2 Nxc4 6.
dxc4 Bc5 7. O-O d6 8. a3 a6 9. Qd3 h6 10. Be3 Bxe3 11. Qxe3 Be6 12. b3 O-O 13. Rad1 b6 14. h3 Qe7 15. a4 Nd7 16. Nd5 Bxd5 17. Rxd5 f5 18.
exf5 Rxf5 19. Ng3 Rf7 20. a5 c6 21. Rd2 bxa5 22. Rfd1 Rf6 23. Ne4 Rg6 24. Rxd6 Rxd6 25. Rxd6 a4 26. bxa4 Nf8 27. Rxc6 Ne6 28. Qg3 Nd4 29. Qg6 Nxc6 30. Qxc6 Rd8 31. Qxa6 Rd1+ 32. Kh2 Qf7 33. Qc8+ Kh7 34. Qg4 Ra1 35. c5 Qf4+ 36. Qxf4 exf4 37. c6 Rxa4 38. Nd6 Ra7 39. Nb5 Ra8 40. Nd6 Ra7 41. Nb5 Ra8 42. Nd6 1/2-1/2